 Dungeon Crawl Stone Soup version 0.29.1-12-g30fa7ad0bf (webtiles) character file.

Game seed: 17235093626025086001

1863 wormed the Cleaver (level 9, -6/79 HPs)
             Began as a Hill Orc Fighter on Dec 24, 2022.
             Was an Initiate of Okawaru.
             Mangled by Duvessa
             ... wielding a +1 short sword of electrocution
              (7 damage)
             ... on level 6 of the Dungeon.
             The game lasted 00:10:56 (6987 turns).

wormed the Cleaver (Hill Orc Fighter)               Turns: 6987, Time: 00:10:56

Health: -6/79      AC: 16    Str: 23    XL:     9   Next: 13%
Magic:  0/9        EV:  6    Int:  8    God:    Okawaru [......]
Gold:   342        SH:  5    Dex: 10    Spells: 8/8 levels left

rFire   . . .      SeeInvis .   a - +0 war axe
rCold   . . .      Faith    .   c - +0 buckler
rNeg    . . .      Spirit   +   I - +1 plate armour of Siorraut {rPois}
rPois   +          Reflect  .   (no helmet)
rElec   .          Harm     .   (no cloak)
rCorr   .          Rampage  .   t - +0 pair of gloves
Will    .....                   h - +0 pair of boots
Stlth   ..........              r - amulet of guardian spirit
HPRegen 0.23/turn               (no ring)
MPRegen 0.11/turn               (no ring)

@: hasted, invisible, very quick
A: no striking features
a: Renounce Religion


You were on level 6 of the Dungeon.
You worshipped Okawaru.
Okawaru was noncommittal.
You visited 2 branches of the dungeon, and saw 7 of its levels.

You collected 342 gold pieces.

Inventory:

Hand Weapons
 a - a +0 war axe (weapon)
Missiles
 k - 12 poisoned darts (quivered)
Armour
 c - a +0 buckler (worn)
 h - a +0 pair of boots (worn)
 t - a +0 pair of gloves (worn)
 I - the +1 plate armour of Siorraut (worn) {rPois}
   (You found it on level 6 of the Dungeon)

   rPois:     It protects you from poison.
Jewellery
 e - a ring of wizardry
 r - an amulet of guardian spirit (around neck)
 D - an amulet of the acrobat
 H - a ring of magical power
Wands
 y - a wand of quicksilver (7)
Scrolls
 b - 3 scrolls of butterflies
 f - 3 scrolls of noise
 i - a scroll of enchant weapon {unknown}
 l - a scroll of poison {unknown}
 m - 2 scrolls of amnesia {unknown}
 n - a scroll of brand weapon {unknown}
 o - 2 scrolls of blinking {unknown}
 q - 2 scrolls of magic mapping {unknown}
 s - a scroll of enchant armour {unknown}
 C - a scroll of teleportation {unknown}
 F - a scroll of summoning {unknown}
Potions
 d - 2 potions of might
 j - 2 potions of attraction
 p - a potion of berserk rage
 w - a potion of degeneration {unknown}
 x - a potion of resistance {unknown}
 z - a potion of experience {unknown}
 A - a potion of ambrosia {unknown}
 B - 3 potions of lignification {unknown}
 E - 2 potions of curing {unknown}
 G - a potion of flight {unknown}


   Skills:
 + Level 7.1 Fighting
 * Level 9.9 Axes
 + Level 6.5 Armour
 + Level 6.5 Shields


You had 8 spell levels left.
You didn't know any spells.
Your spell library contained the following spells:

 Spells                   Type           Power      Damage    Failure   Level
 Foxfire                  Conj/Fire      0%         2x1d4     100%        1
 Shock                    Conj/Air       0%         1d3       100%        1
 Dazzling Flash           Conj/Hex       0%         N/A       100%        3
 Swiftness                Air            0%         N/A       100%        3
 Airstrike                Air            0%         2d(0-16)  100%        4
 Leda's Liquefaction      Hex/Erth       0%         N/A       100%        4
 Olgreb's Toxic Radiance  Pois           0%         N/A       100%        4
 Agony                    Necr           0%         N/A       100%        5
 Lee's Rapid Deconstruct  Erth           0%         3d5*      100%        5
 Lightning Bolt           Conj/Air       0%         1d11      100%        5
 Silence                  Hex/Air        0%         N/A       100%        5
 Statue Form              Tmut/Erth      0%         N/A       100%        6
 Ozocubu's Refrigeration  Ice            0%         4d7       100%        7
 Ignition                 Fire           0%         3d3       100%        8
 Chain Lightning          Conj/Air       0%         N/A       100%        9


Dungeon Overview and Level Annotations

Branches:
Dungeon (6/15)             Temple (1/1) D:6

Altars:
Cheibriados
Dithmenos
Elyvilon
Fedhas
Gozag
Hepliaklqana
Kikubaaqudgha
Makhleb
Nemelex Xobeh
Okawaru
Qazlal
Ru
Sif Muna
Trog
Uskayaw
Vehumet
Yredelemnul
Zin
The Shining One

Annotations:
D:6 Duvessa


Message History

Duvessa is heavily wounded.
Duvessa hits you but does no damage.
You closely miss Duvessa.
Duvessa is heavily wounded.
Duvessa hits you with a +1 short sword of electrocution!
* * * LOW HITPOINT WARNING * * *
You are electrocuted!
* * * LOW HITPOINT WARNING * * *
You feel much better.
Duvessa hits you with a +1 short sword of electrocution.
You closely miss Duvessa.
Duvessa is heavily wounded.
You block Duvessa's attack. Duvessa barely misses you.
You barely miss Duvessa.
Duvessa is heavily wounded.
Duvessa hits you but does no damage.
You are electrocuted!
* * * LOW HITPOINT WARNING * * *
You fade into invisibility!
Duvessa barely misses you.
You feel as though your hastened speed will last longer.
You block Duvessa's attack.
Duvessa rages.
You slash Duvessa!
Duvessa is severely wounded.
You block Duvessa's attack.
You barely miss Duvessa.
Duvessa is severely wounded.
Duvessa barely misses you.
You closely miss Duvessa.
Duvessa is severely wounded.
Duvessa hits you with a +1 short sword of electrocution.
* * * LOW HITPOINT WARNING * * *
You are electrocuted!
* * * LOW HITPOINT WARNING * * *
As you read the scroll labelled DAOKUJEGAS, it crumbles to dust.
You hear a loud clanging noise!
It was a scroll of noise.
You hear a shout!
Duvessa hits you with a +1 short sword of electrocution!
You die...

###..<.# #........## ##.#
####...############.###.##
.##........# ##..#..#
........##.# #..#.#.#
.>..#...##># #.##.#†#
...###.(##.# #.##.#.#
#.)###..##.# ####.##.#.#
##..##..##.####..e......#
.[#..##..#.##...@.....###
#......#.#.#....##.####
..####......)......#
.............)..####
###.#######.#.#.# #.#
#.#.#.# #(# #.#.#.#
#.#######.#.#.#
#.#....##.#...#


You could see Duvessa (berserk, unable to see you).

Vanquished Creatures
  Menkaure (D:6)
  3 water moccasins
  A sky beast (D:6)
  2 black bears
  2 phantoms
  A necrophage (D:6)
  4 scorpions
  Dowan (D:6)
  2 howler monkeys (D:4)
  An orc priest (D:4)
  A jelly (D:6)
  A hound (D:5)
  4 iguanas
  5 orc wizards
  12 adders
  An ufetubus (D:5)
  4 worms
  2 dart slugs (D:4)
  15 orcs
  11 endoplasms
  5 giant cockroaches
  11 goblins
  4 hobgoblins
  7 jackals
  5 quokkas
  14 ball pythons
  4 bats
  2 frilled lizards
  7 kobolds
  5 rats
138 creatures vanquished.

Vanquished Creatures (others)
  A fungus (D:1)
  6 plants (D:3)
7 creatures vanquished.

Grand Total: 145 creatures vanquished

Notes
Turn   | Place    | Note
-------+----------+-------------------------------------------
     0 | D:1      | wormed the Hill Orc Fighter began the quest for the Orb.
     0 | D:1      | Reached XP level 1. HP: 19/19 MP: 1/1
   152 | D:1      | Reached skill level 3 in Axes
   276 | D:1      | Reached XP level 2. HP: 27/27 MP: 2/2
   331 | D:1      | Found a faded altar of an unknown god.
   335 | D:1      | Got Plato's Octavo of the Arsonist
   766 | D:2      | Reached XP level 3. HP: 21/33 MP: 1/3
   995 | D:2      | Got the Incunabulum of Feathers
  1505 | D:3      | Reached skill level 4 in Axes
  1619 | D:3      | Reached XP level 4. HP: 39/40 MP: 4/4
  2537 | D:3      | Reached XP level 5. HP: 43/47 MP: 5/5
  2901 | D:3      | Reached skill level 5 in Axes
  3114 | D:3      | Reached XP level 6. HP: 30/53 MP: 3/6
  3313 | D:4      | Found a blossoming altar of Fedhas.
  3477 | D:4      | Noticed a black bear
  3501 | D:4      | Killed a black bear
  3502 | D:4      | Reached skill level 5 in Fighting
  3502 | D:4      | Reached skill level 6 in Axes
  3662 | D:4      | Reached XP level 7. HP: 59/61 MP: 7/7
  3780 | D:4      | Found a glowing silver altar of Zin.
  3825 | D:4      | Found an opulent altar of Gozag.
  3827 | D:4      | Found a sparkling altar of Nemelex Xobeh.
  4038 | D:5      | Entered Level 5 of the Dungeon
  4088 | D:5      | Reached skill level 5 in Shields
  4112 | D:5      | Reached skill level 7 in Axes
  4112 | D:5      | Reached skill level 5 in Armour
  4537 | D:5      | Reached XP level 8. HP: 54/70 MP: 5/8
  4666 | D:5      | Reached skill level 8 in Axes
  4919 | D:5      | Found a hide-covered altar of Uskayaw.
  4919 | D:5      | Found a stormy altar of Qazlal.
  5016 | D:5      | Found a radiant altar of Vehumet.
  5260 | D:6      | Identified the +1 plate armour of Siorraut {rPois}
  5757 | D:6      | Noticed Menkaure
  5769 | D:6      | Killed Menkaure
  5770 | D:6      | Reached skill level 9 in Axes
  6034 | D:6      | Identified the +5 spear of the Hall of Blades {venom,
                  | Fragile Will+ Int+4}
  6192 | D:6      | Reached XP level 9. HP: 73/78 MP: 9/9
  6354 | D:6      | Found a staircase to the Ecumenical Temple.
  6541 | D:6      | Noticed Dowan
  6561 | Temple   | Entered the Ecumenical Temple
  6720 | Temple   | Became a worshipper of Warmaster Okawaru
  6745 | D:6      | Killed Dowan
  6944 | D:6      | Noticed Duvessa
  6951 | D:6      | HP: 3/79 [Duvessa/+1 short sword of electrocution (9)]
  6986 | D:6      | HP: 1/79 [Duvessa/+1 short sword of electrocution (15)]
  6987 | D:6      | Mangled by Duvessa

Illustrated notes

Levels and vault maps discovered:
D:1:      dpeg_arrival_snail, layout_rooms, shapermc_ecumenical_altar_rom_forum
D:2:      layout_loops_ring, minmay_misc_feat_plants,
          dreamdust_princess_corridor
D:3:      layout_loops_ring, serial_co_window_serial, co_window_corner_a,
          co_window_paths_b, co_window_paths_a, co_window_cross_1,
          co_window_paths_a, co_window_paths_b, co_window_paths_a,
          co_window_paths_a, co_window_of_opportunity_a, co_window_paths_c,
          co_window_corner_cb, co_window_cross_3, co_window_paths_c,
          co_window_unsneaky_path_a, glass_columns_c, glass_columns_a,
          glass_columns_a, glass_columns_a, glass_columns_a,
          minmay_shallow_snake_nest
D:4:      layout_cave_pools, grunt_temple_overflow_opulence, fedhas_altar_4,
          marbit_many_paths
D:5:      layout_loops_corners, mainiacjoe_overflow_alcove_2,
          gammafunk_temple_overflow_wave
D:6:      cheibrodos_iron_armory, layout_loops_ring, minmay_temple_entry_wispy,
          gup_sewer_entry_spiral, uniq_duvessa, uniq_menkaure
Temple:   hellmonk_temple_flake

Skill      XL: |  1  2  3  4  5  6  7  8  9 |
---------------+----------------------------+-----
Axes           | 3 4 5 6 7 9 |  9.9
Fighting       | 4 5 6 7 |  7.1
Shields        | 4 5 6 |  6.5
Armour         | 4 5 6 |  6.5

Action                   |  1- 3 |  4- 6 |  7- 9 || total
-------------------------+-------+-------+-------++-------
Melee: War axe           |    99 |   126 |   264 ||   489
  Use: Scroll            |       |       |     7 ||     7
       Potion            |       |       |     6 ||     6
Armor: Scale mail        |    50 |    86 |    12 ||   148
       Leather armour    |       |       |    25 ||    25
       Plate armour      |       |       |    84 ||    84
Dodge: Dodged            |    46 |    89 |    76 ||   211
Block: Buckler           |    27 |    42 |    51 ||   120
